 Dungeon Crawl Stone Soup version 0.27.1-4-g1640c2035a (webtiles) character file.

Game seed: 12759058876083646749

762 MisterFreud the Cleaver (level 7, -3/57 HPs)
             Began as a Hill Orc Abyssal Knight on Nov 2, 2021.
             Was a Priest of Lugonu.
             Slain by an unseen horror (4 damage)
             ... on level 5 of the Dungeon.
             The game lasted 00:08:46 (6666 turns).

MisterFreud the Cleaver (Hill Orc Abyssal Knight)   Turns: 6666, Time: 00:08:46

Health: -3/57      AC: 11    Str: 17    XL:     7   Next: 81%
Magic:  8/8        EV:  7    Int: 12    God:    Lugonu [***...]
Gold:   235        SH:  0    Dex: 10    Spells: 6/6 levels left

rFire    . . .     SeeInvis .   l - +0 war axe
rCold    . . .     Faith    .   (no shield)
rNeg     . . .     Spirit   .   g - +0 chain mail
rPois    .         Reflect  .   (no helmet)
rElec    .         Harm     .   s - +0 cloak
rCorr    .         Rampage  .   q - +0 pair of gloves
Will     .....                  (no boots)
Stlth    ..........             (no amulet)
HPRegen  0.19/turn              (no ring)
MPRegen  0.11/turn              (no ring)

@: marked, studying Maces & Flails
A: no striking features
a: Renounce Religion, Depart the Abyss, Bend Space, Banish


You were on level 5 of the Dungeon.
You worshipped Lugonu.
Lugonu was most pleased with you.
You visited 1 branch of the dungeon, and saw 5 of its levels.
You visited the Abyss 1 time.

You collected 235 gold pieces.

Inventory:

Hand Weapons
 a - a +0 executioner's axe
 b - the +7 hunting sling "Kison" {flame, Str+3}
   (You acquired it on level 5 of the Dungeon)

   Any ammunition fired from it burns those it strikes, dealing additional fire
   damage.
   Str:       It affects your strength (+3).
 k - a +3 vampiric whip
 l - a +0 war axe (weapon)
 r - a +4 quarterstaff of chaos
 u - a +1 hand axe
Missiles
 c - 25 poisoned darts
 d - 14 sling bullets
 i - 90 stones
 p - 3 curare-tipped darts
Armour
 g - a +0 chain mail (worn)
 h - a +0 leather armour
 m - a +2 kite shield
 q - a +0 pair of gloves (worn)
 s - a +0 cloak (worn)
Jewellery
 f - a ring of ice
 v - a ring of fire
Scrolls
 e - a scroll of teleportation
 n - a scroll of noise {unknown}
 x - a scroll of enchant weapon {unknown}
Potions
 j - a potion of berserk rage
 o - 2 potions of magic
 t - a potion of attraction {unknown}
 w - a potion of degeneration {unknown}
 z - a potion of haste {unknown}


   Skills:
 - Level 3.6 Fighting
 + Level 10.4 Axes
 - Level 4.0 Armour
 - Level 0.7 Dodging
 - Level 2.4 Invocations


You had 6 spell levels left.
You didn't know any spells.
Your spell library contained the following spells:

 Spells                   Type           Power      Damage    Failure   Level
 Animate Skeleton         Necr           0%         N/A       99%         1
 Apportation              Tloc           0%         N/A       99%         1
 Corona                   Hex            0%         N/A       99%         1
 Sandblast                Erth           0%         2d4       99%         1
 Summon Small Mammal      Summ           0%         N/A       99%         1
 Passwall                 Tmut/Erth      0%         N/A       100%        2
 Fulminant Prism          Conj/Hex       0%         3d6       100%        4
 Iskenderun's Mystic Bla  Conj/Tloc      0%         2d3       100%        4
 Alistair's Intoxication  Tmut/Pois      0%         N/A       100%        5
 Borgnjor's Vile Clutch   Necr/Erth      0%         N/A       100%        5
 Lee's Rapid Deconstruct  Erth           0%         3d5*      100%        5
 Eringya's Noxious Bog    Tmut/Pois      0%         N/A       100%        6


Dungeon Overview and Level Annotations

Branches:
Dungeon (5/15)
 Temple: D:4-7

Altars:

Annotations:
D:4 2 transporters, Raspi's ghost, amateur MfBr


Message History

You are no longer poisoned.
You start resting.
HP restored.
i - 87 stones (gained 1)
i - 88 stones (gained 1)
i - 89 stones (gained 1)
i - 90 stones (gained 1)
You now have 227 gold pieces (gained 8).
You now have 235 gold pieces (gained 8).
Found 12 gold pieces.
You set off the alarm!
A sentinel's mark forms upon you.
There is a strange disturbance nearby!
There is a strange disturbance nearby!
No target in view!
Deactivating autopickup; reactivate with Ctrl-A.
You barely miss something. Something hits you. x3
You barely miss something. Something hits you. Something hits you!
Something hits you but does no damage.
You barely miss something.
Something hits you but does no damage. x2
Something completely misses you.
You hit something. Something hits you! Something hits you but does no damage.
Something completely misses you.
You barely miss something. Something hits you.
Something hits you but does no damage. x2
You hit something. Something hits you. x2
Something hits you but does no damage.
You miss something. Something hits you.
* * * LOW HITPOINT WARNING * * *
Something hits you.
* * * LOW HITPOINT WARNING * * *
Something hits you.
* * * LOW HITPOINT WARNING * * *
You closely miss something. Something hits you but does no damage.
Something hits you.
* * * LOW HITPOINT WARNING * * *
You hit something but do no damage. Something hits you.
* * * LOW HITPOINT WARNING * * *
Something hits you.
You die...

...............##..
#.....#######......#...
#..... #......#...
#..... #......#...
#..... #......#...
#..... #......#...
#..... #......#...
#.....#####+#......#'##
#.....@{...............
#......................
#....$.................
#......................
#......................
#............######....
#.....####+### #....
#..... #.... #.....
#....


There were no monsters in sight!

Vanquished Creatures
  A wyvern (D:4)
  A water moccasin (D:5)
  A phantom (D:5)
  A scorpion (D:5)
  A centaur zombie (D:5)
  Crazy Yiuf (D:2)
  A hound (D:5)
  An orc priest (D:4)
  An orc wizard (D:4)
  A hound skeleton (D:5)
  A howler monkey zombie (D:5)
  A gnoll (D:1)
  11 adders
  An ufetubus (D:5)
  An adder skeleton (D:4)
  A worm (D:2)
  2 dart slugs
  4 orcs
  3 ball pythons
  3 bats
  8 endoplasms
  4 giant cockroaches
  8 goblins
  7 hobgoblins
  3 jackals (D:2)
  8 kobolds
  3 frilled lizards
  6 rats
85 creatures vanquished.

Vanquished Creatures (others)
  3 plants (D:3)
3 creatures vanquished.

Grand Total: 88 creatures vanquished

Notes
Turn   | Place    | Note
-------+----------+-------------------------------------------
     0 | Abyss:1  | MisterFreud the Hill Orc Abyssal Knight began the quest for
                  | the Orb.
     0 | Abyss:1  | Reached XP level 1. HP: 19/19 MP: 2/2
    72 | Abyss:1  | Noticed an iron imp
    74 | D:1      | Escaped the Abyss
   170 | D:1      | Reached skill level 3 in Axes
   285 | D:1      | Reached * piety under Lugonu
   293 | D:1      | Reached XP level 2. HP: 26/26 MP: 3/3
   386 | D:1      | Reached skill level 4 in Axes
   455 | D:1      | Reached XP level 3. HP: 27/31 MP: 4/4
   643 | D:1      | Found a faded altar of an unknown god.
  1485 | D:2      | Reached XP level 4. HP: 18/39 MP: 5/5
  1656 | D:2      | Reached skill level 5 in Axes
  2261 | D:2      | Found a runed translucent door.
  2262 | D:2      | Noticed Crazy Yiuf
  2346 | D:2      | Killed Crazy Yiuf
  2347 | D:2      | Reached XP level 5. HP: 29/45 MP: 6/6
  2569 | D:3      | Reached ** piety under Lugonu
  3796 | D:4      | Reached skill level 6 in Axes
  4156 | D:4      | Noticed an orc warrior
  4192 | D:5      | Entered Level 5 of the Dungeon
  4408 | D:4      | Reached skill level 7 in Axes
  4408 | D:4      | Reached XP level 6. HP: 51/51 MP: 7/7
  4486 | D:4      | Noticed a black bear
  4488 | D:4      | Noticed Raspi's ghost (amateur MfBr)
  4579 | D:4      | Found a transporter.
  4582 | D:4      | Found a transporter.
  4905 | D:5      | Identified a scroll of acquirement
  4905 | D:5      | Acquired the +7 hunting sling "Kison" {flame, Str+3}
  4997 | D:5      | Noticed a water moccasin
  5341 | D:4      | Noticed a wyvern
  5346 | D:4      | Killed a wyvern
  5347 | D:4      | Reached skill level 8 in Axes
  5347 | D:4      | Reached XP level 7. HP: 56/57 MP: 8/8
  5643 | D:4      | Reached skill level 9 in Axes
  6214 | D:5      | Reached *** piety under Lugonu
  6343 | D:5      | Reached skill level 10 in Axes
  6666 | D:5      | HP: 1/57 [something (4)]
  6666 | D:5      | Slain by an unseen horror

Illustrated notes

Levels and vault maps discovered:
D:1:      dpeg_arrival_tiny_k, layout_loops_ring,
          hellmonk_ecumenical_altar_heavens_door
D:2:      layout_loops_ring, minmay_stone_trees_large, uniq_crazy_yiuf_cottage
D:3:      layout_loops_ring, serial_bayou, serial_bayou_lagoon_a,
          serial_bayou_pond_b, serial_bayou_pond_e, serial_bayou_ford_a,
          serial_bayou_pond_e, chequers_serial_rivers_room_b
D:4:      layout_basic, gammafunk_ghost_arena, hangedman_abyss_or_decor_passed,
          guppyfry_early_orc_mine
D:5:      layout_gridville, minmay_manual_mullet

Skill      XL: |  1  2  3  4  5  6  7 |
---------------+----------------------+-----
Axes           | 3 4 5 7 8 10 | 10.4
Armour         | 3 4 |  4.0
Fighting       | |  3.6
Dodging        | |  0.7
Invocations    | |  2.4

Action                   |  1- 3 |  4- 6 |  7- 9 || total
-------------------------+-------+-------+-------++-------
Melee: Hand axe          |   104 |    78 |       ||   182
       Executioner's axe |       |   125 |    10 ||   135
       War axe           |       |       |    35 ||    35
 Fire: Hunting sling     |       |     6 |     1 ||     7
Invok: Depart the Abyss  |     1 |       |       ||     1
  Use: Scroll            |       |     6 |     3 ||     9
       Potion            |       |       |     1 ||     1
Armor: Leather armour    |     6 |       |       ||     6
       Chain mail        |    40 |   187 |    37 ||   264
Dodge: Dodged            |    39 |   118 |    18 ||   175
